 Dungeon Crawl Stone Soup version 0.30-a0-310-g7d6cbdfea6 (webtiles) character file.

Game seed: 10856508623796801504

22565 sleeves the Grappler (level 12, 0/116 HPs)
             Began as a Red Draconian Transmuter on Oct 24, 2022.
             Was the Champion of Cheibriados.
             Slain by a seven-headed hydra (4 damage)
             ... on level 2 of the Lair of Beasts.
             The game lasted 00:35:30 (12662 turns).

sleeves the Grappler (Red Draconian Transmuter)    Turns: 12662, Time: 00:35:31

Health: 0/116      AC:  9    Str: 32    XL:     12   Next: 64%
Magic:  11/15      EV: 15    Int: 29    God:    Cheibriados [******]
Gold:   762        SH:  0    Dex: 27    Spells: 5/15 levels left

rFire   x . .      SeeInvis .      - Unarmed
rCold   + + +      Faith    .    (shield currently unavailable)
rNeg    + . .      Spirit   .    (body armour unavailable)
rPois   +          Reflect  .    (helmet currently unavailable)
rElec   .          Harm     .    (cloak currently unavailable)
rCorr   .          Rampage  .    (gloves currently unavailable)
Will    +....                    (boots currently unavailable)
Stlth   ++........               q - amulet of regeneration
HPRegen 1.19/turn                M - ring of willpower
MPRegen 0.14/turn                E - ring of positive energy

@: ice-form, very slow
A: freezing attack, amphibious, boosted hp, (breathe fire), AC +8, large,
unfitting armour, (fire resistance 1), (cold-blooded)
a: End Transformation, Renounce Religion, Bend Time, Temporal Distortion,
Slouch, Step From Time


You were on level 2 of the Lair of Beasts.
You worshipped Cheibriados.
Cheibriados was exalted by your worship.
You were a creature of crystalline ice.
You visited 3 branches of the dungeon, and saw 16 of its levels.

You collected 826 gold pieces.
You spent 64 gold pieces at shops.

Inventory:

Missiles
 p - a throwing net
 H - 6 curare-tipped darts (quivered)
 I - 20 poisoned darts
Armour
 o - a +0 cloak (melded)
   (You found it on level 2 of the Dungeon)
Jewellery
 c - a ring of flight
   (You found it on level 1 of the Dungeon)
 q - an amulet of regeneration (around neck)
   (You found it on level 3 of the Dungeon)
 E - a ring of positive energy (right front paw)
   (You found it on level 9 of the Dungeon)
 F - an amulet of the acrobat
   (You found it on level 9 of the Dungeon)
 L - a ring of fire
   (You found it on level 10 of the Dungeon)
 M - a ring of willpower (left front paw)
   (You found it on level 12 of the Dungeon)
 O - a ring of protection from cold
   (You found it on level 12 of the Dungeon)
Wands
 B - a wand of flame (18)
   (You found it on level 9 of the Dungeon)
 D - a wand of charming (17)
   (You found it on level 8 of the Dungeon)
 J - a wand of digging (3)
   (You took it off Maggie on level 10 of the Dungeon)
 N - a wand of roots (3)
   (You found it on level 12 of the Dungeon)
 Q - a wand of mindburst (6)
   (You found it on level 2 of the Lair of Beasts)
Scrolls
 e - 3 scrolls of fear
 f - 3 scrolls of vulnerability
 g - a scroll of summoning
 h - a scroll of blinking
 l - 6 scrolls of immolation
 m - 2 scrolls of noise {unknown}
 n - 3 scrolls of amnesia {unknown}
 w - 2 scrolls of poison {unknown}
 x - a scroll of acquirement {unknown}
 y - 5 scrolls of teleportation {unknown}
 z - a scroll of torment {unknown}
 A - a scroll of butterflies
 C - 2 scrolls of enchant armour {unknown}
 G - 4 scrolls of identify
 K - a scroll of magic mapping {unknown}
 P - a scroll of brand weapon {unknown}
Potions
 a - 6 potions of lignification
 b - 2 potions of invisibility
 d - 4 potions of heal wounds {unknown}
 i - 6 potions of flight
 j - 3 potions of brilliance
 k - 2 potions of berserk rage {unknown}
 r - 3 potions of resistance {unknown}
 s - 4 potions of attraction
 t - a potion of ambrosia {unknown}
 u - 8 potions of curing
 v - 2 potions of haste {unknown}


   Skills:
 + Level 6.7 Fighting
 + Level 5.9 Dodging
 - Level 14.1 Unarmed Combat
 - Level 2.0 Spellcasting
 + Level 13.2 Transmutations
 + Level 5.0 Invocations


You had 5 spell levels left.
You knew the following spells:

 Your Spells              Type           Power      Damage    Failure   Level
a - Beastly Appendage     Tmut           100%       N/A       1%          1
b - Ice Form              Ice/Tmut       41%        N/A       5%          4
c - Spider Form           Tmut/Pois      41%        N/A       1%          3
d - Passwall              Tmut/Erth      34%        N/A       1%          2

Your spell library contained the following spells:

 Spells                   Type           Power      Damage    Failure   Level
 Wereblood                Tmut           68%        N/A       1%          2
 Necrotise                Necr           8%         1d4       9%          1
 Sandblast                Erth           4%         2d4       9%          1
 Slow                     Hex            8%         N/A       9%          1
 Cigotuvi's Dreadful Rot  Necr/Pois/Air  4%         N/A       13%         2
 Poisonous Vapours        Pois/Air       4%         N/A       13%         2
 Scorch                   Fire           4%         2d5       13%         2
 Confusing Touch          Hex            2%         N/A       26%         3
 Mephitic Cloud           Conj/Pois/Air  2%         N/A       26%         3
 Ozocubu's Armour         Ice            2%         N/A       26%         3
 Stone Arrow              Conj/Erth      4%         3d7       26%         3
 Vampiric Draining        Necr           2%         2d6       26%         3
 Cause Fear               Hex            1%         N/A       63%         4
 Dispel Undead            Necr           2%         3d7       63%         4
 Flame Wave               Conj/Fire      2%         2d4       63%         4
 Agony                    Necr           2%         N/A       93%         5
 Freezing Cloud           Conj/Ice/Air   1%         6-21      93%         5
 Metabolic Englaciation   Hex/Ice        1%         N/A       93%         5
 Dragon Form              Tmut           34%        N/A       32%         7
 Death Channel            Necr           1%         N/A       100%        6
 Simulacrum               Ice/Necr       1%         N/A       100%        6
 Summon Cactus Giant      Summ           1%         N/A       100%        6
 Dragon's Call            Summ           1%         N/A       100%        9
 Polar Vortex             Ice            1%         N/A       100%        9


Dungeon Overview and Level Annotations

Branches:
Dungeon (13/15)            Temple (1/1) D:5            Lair (2/5) D:10
    Orc (0/2) D:11
  Swamp: Lair:2-3    Shoals: Lair:2-3     Snake: Lair:2-3    Spider: Lair:2-3
 Vaults: D:13-14

Altars:
Ashenzari
Cheibriados
Dithmenos
Elyvilon
Fedhas
Gozag
Hepliaklqana
Kikubaaqudgha
Makhleb
Nemelex Xobeh
Okawaru
Qazlal
Ru
Sif Muna
Trog
Uskayaw
Vehumet
Wu Jian
Xom
Yredelemnul
Zin
The Shining One

Shops:
D:5 ?   D:8 !

Portals:
Trove: D:12 (give +5 demon whip)


Innate Abilities, Weirdness & Mutations

You are a creature of crystalline ice.
You have a powerful freezing melee attack.
You are amphibious.
Your maximum health is increased.
Your armour is entirely melded.
You are incapable of wielding weapons or throwing items.
((You can breathe blasts of fire.))
((Your fiery red scales are hard. (AC +8)))
You cannot fit into any form of body armour.
((Your flesh is heat resistant. (rF+)))
((You are cold-blooded and may be slowed by cold attacks.))


Message History

You maul the manticore!!
You kill the manticore!
Cheibriados appreciates the change of pace.
Cheibriados raises the support of your attributes as your movement slows.
You have reached level 12!
You feel clever.
Your scales feel tougher.
You swap places.
What are your orders? t - Hiss!
Orders for allies: a - Attack new target. p - Attack previous target. r - Retreat! s - Stop attacking. g - Guard the area. f - Follow me.
Anything else - Cancel.
Retreat in which direction?
Press: ? - help, Dir - move target, p - centaur Fall back!
Your transformation has ended.
Your +0 cloak unmelds from your body.
Unknown command.
(D) Dungeon (T) Temple (L) Lair (O) Orcish Mines
Where to? (Enter - D:11 @ (x,y), ? - help) Magic restored.
There is a stone staircase leading up here.
You fly upwards.
There is a stone staircase leading down, spattered with blood here.
Things that are here:
a +0 troll leather armour; a +0 dagger HP restored.
Done exploring.
You fly downwards.
There is a stone staircase leading up here.
Search for what [Enter for "throw", or ? for help]? trov The centaur shouts!
The centaur shoots an arrow.
The arrow hits you.
The centaur shoots an arrow.
The arrow barely misses you.
The centaur shoots an arrow.
The arrow hits you.
A centaur is nearby!
The centaur unwields a +0 shortbow.
The centaur hits you but does no damage.
The centaur kicks you but does no damage.
The centaur hits you but does no damage.
The centaur kicks you but does no damage.
The centaur barely misses you. x2
You closely miss the centaur. The centaur barely misses you.
The centaur kicks you but does no damage.
You punch the centaur! You tail-slap the centaur.
The centaur is severely wounded.
The centaur hits you but does no damage.
The centaur misses you.
You punch the centaur!
You kill the centaur!
Cheibriados thoroughly appreciates the change of pace.
Your Invocations skill increases to level 2!
No target in view!
No target in view!
(D) Dungeon (T) Temple (L) Lair (O) Orcish Mines
Where to? (Enter - D:12 @ (x,y), ? - help)
You see here a +0 shortbow.
You see here 4 stones.
There is a portal to a secret trove of treasure here.
This trove needs a +5 demon whip to function.
Give it the item?
Okay, then.
a - 5 potions of lignification (gained 1)
You see here a manticore corpse.
A troll comes into view.
The troll shouts!
A troll is nearby!
Search for what [Enter for "trov", or ? for help]? whip Unknown command.
Unknown command.
Unknown command.
Casting: Spider Form (safe; 1% risk of failure)
Confirm with . or Enter, or press ? or * to list all spells.
You turn into a venomous arachnid creature.
Your +0 cloak melds into your body.
You bite the troll!
The troll is poisoned.
The troll is moderately wounded.
The troll barely misses you. x2; The troll completely misses you.
You maul the troll!!
The troll is almost dead.
You maul the troll!!
You kill the troll!
Cheibriados appreciates the change of pace.
Magic restored.
Your transformation is almost over.
Your transformation has ended.
Your +0 cloak unmelds from your body.
You now have 574 gold pieces (gained 4).
Found a stone staircase leading down.
M - a ring of willpower
N - a wand of roots (3)
Found a stone staircase leading down.
Found a stone staircase leading up.
v - 2 puce potions (gained 1)
O - a ring of protection from cold A slime creature comes into view.
Casting: Spider Form (safe; 1% risk of failure)
Confirm with . or Enter, or press ? or * to list all spells.
You turn into a creature of crystalline ice.
Your +0 cloak melds into your body.
The slime creature misses you.
You pummel the slime creature!! You freeze the slime creature!
The slime creature is severely wounded.
The slime creature hits you!
You pummel the slime creature!! You freeze the slime creature.
You kill the slime creature!
Cheibriados appreciates the change of pace.
You start resting.
HP restored.
You start resting.
Magic restored.
You're wearing all the rings you can.
Remove which one? (? for menu, Esc to cancel) < or
c - a ring of flight; > or
E - a ring of positive energy You remove your ring of flight.
You float gracefully downwards.
M - a ring of willpower (left front paw)
Okay, then.
A slime creature comes into view.
A slime creature is nearby!
A slime creature is nearby!
The slime creature quivers.
You swing at nothing.
You punch the slime creature! You freeze the slime creature.
The slime creature is lightly wounded.
The slime creature misses you.
You pummel the slime creature!! You freeze the slime creature!
The slime creature is severely wounded.
The slime creature hits you.
You hit the slime creature. You freeze the slime creature.
The slime creature is severely wounded.
You pummel the slime creature!! You freeze the slime creature.
You kill the slime creature!
Cheibriados appreciates the change of pace.
HP restored.
A slime creature comes into view.
Found 20 gold pieces.
Your transformation is almost over.
The slime creature quivers.
You warm up again.
Your +0 cloak unmelds from your body.
Casting: Ice Form (dangerous; 7% risk of failure)
Confirm with . or Enter, or press ? or * to list all spells.
You turn into a creature of crystalline ice.
Your +0 cloak melds into your body.
You pummel the slime creature!! You freeze the slime creature.
The slime creature is heavily wounded.
You pummel the slime creature!! You freeze the slime creature.
The slime creature is almost dead.
The slime creature barely misses you.
You pummel the slime creature!! You freeze the slime creature.
You kill the slime creature!
Cheibriados thoroughly appreciates the change of pace.
Your Fighting skill increases to level 5!
A slime creature comes into view.
Found a stone staircase leading down.
A slime creature is nearby!
The slime creature quivers.
You pummel the slime creature!! You freeze the slime creature!
The slime creature is heavily wounded.
The slime creature hits you.
You hit the slime creature. You freeze the slime creature.
The slime creature is severely wounded.
The slime creature hits you!
You completely miss the slime creature.
The slime creature is severely wounded.
The slime creature hits you!
You pound the slime creature into fine dust!!!
You freeze the slime creature!
You kill the slime creature!
Cheibriados thoroughly appreciates the change of pace.
Your transformation is almost over.
You warm up again.
Your +0 cloak unmelds from your body.
A yak comes into view.
The yak moves out of view.
Found 13 gold pieces.
A yak comes into view.
The yak bellows!
You hear a bellow!
A yak comes into view.
The yak bellows!
Casting: Ice Form (dangerous; 7% risk of failure)
Confirm with . or Enter, or press ? or * to list all spells.
You turn into a venomous arachnid creature.
Your +0 cloak melds into your body.
You hit the yak.
The yak is poisoned.
The yak is lightly wounded.
The yak gores you!
You bite the yak!
The yak looks as sick as possible!
The yak is moderately wounded.
The yak closely misses you.
You maul the yak!!
The yak looks as sick as possible!
The yak is almost dead.
You bite the yak!
You kill the yak!
Cheibriados thoroughly appreciates the change of pace.
You maul the yak!!
The yak is poisoned.
The yak is severely wounded.
The yak misses you.
You maul the yak!!
You kill the yak!
Cheibriados thoroughly appreciates the change of pace.
The yak barely misses you. The yak misses you.
You see here a yak corpse.
You maul the yak!!
The yak looks as sick as possible!
The yak is severely wounded.
The yak closely misses you.
You hit the yak but do no damage.
The yak is severely wounded.
The yak gores you!
You hit the yak.
The yak is severely wounded.
The yak gores you!
A yak is nearby!
A yak is nearby!
You hit the yak.
The yak is almost dead.
A yak is nearby!
You hit the yak.
You kill the yak!
Cheibriados appreciates the change of pace.
Cheibriados raises the support of your attributes as your movement slows.
No target in view!
You now have 594 gold pieces (gained 20).
Your transformation is almost over.
You now have 607 gold pieces (gained 13).
Your transformation has ended.
Your +0 cloak unmelds from your body.
y - 4 scrolls labelled UTOLEL GIGYOGH (gained 2)
A manticore comes into view.
Casting: Spider Form (safe; 1% risk of failure)
Confirm with . or Enter, or press ? or * to list all spells.
You turn into a creature of crystalline ice.
Your +0 cloak melds into your body.
You start resting.
A manticore is nearby!
You pummel the manticore!! You freeze the manticore.
The manticore is heavily wounded.
The manticore bites you.
The manticore claws you but does no damage.
The manticore claws you.
You barely miss the manticore.
The manticore is heavily wounded.
The manticore barely misses you. x3
You beat the manticore into a bloody pulp!!!
You freeze the manticore!
You kill the manticore!
Cheibriados thoroughly appreciates the change of pace.
Your Invocations skill increases to level 3!
HP restored.
Magic restored.
Your transformation is almost over.
You warm up again.
Your +0 cloak unmelds from your body.
A basilisk comes into view.
A basilisk is nearby!
A basilisk is nearby!
Casting: Ice Form (dangerous; 6% risk of failure)
Confirm with . or Enter, or press ? or * to list all spells.
You turn into a creature of crystalline ice.
Your +0 cloak melds into your body.
The basilisk hisses angrily.
The basilisk gazes at you.
You are slowing down.
The basilisk gazes at you. You resist with almost no effort.
Your limbs are stiffening.
You have turned to stone.
The basilisk gazes at you. You resist with almost no effort.
The basilisk gazes at you. You resist with almost no effort.
The basilisk bites you but does no damage. x2
The basilisk gazes at you. You resist with almost no effort.
The basilisk gazes at you. You resist with almost no effort.
The basilisk completely misses you. The basilisk bites you.
You turn to ice and can move again.
Unknown command.
Unknown command.
Unknown command.
Unknown command.
Unknown command.
Unknown command.
Unknown command.
Unknown command.
Unknown command.
Unknown command.
Unknown command.
Unknown command.
You pummel the basilisk!!
The basilisk seems to slow down.
You freeze the basilisk.
The basilisk is almost dead.
The basilisk bites you!
You pummel the basilisk!!
The basilisk seems to slow down.
You freeze the basilisk.
You kill the basilisk!
Cheibriados appreciates the change of pace.
No target in view!
You see here a basilisk corpse.
Your transformation is almost over.
You warm up again.
Your +0 cloak unmelds from your body.
There is a portal to a secret trove of treasure here.
You see here 4 stones.
You see here a +0 shortbow.
Key pressed, stopping explore.
Cheibriados lowers the support of your attributes as your movement quickens.
Items here: )) [[.
Items here: )) [[.
Things that are here:
a +0 chain mail; a +0 hand axe; a +0 club A troll comes into view.
A troll is nearby!
A troll is nearby!
Casting: Ice Form (dangerous; 7% risk of failure)
Confirm with . or Enter, or press ? or * to list all spells.
You turn into a creature of crystalline ice.
Your +0 cloak melds into your body.
The troll shouts!
You punch the troll! You freeze the troll.
The troll is heavily wounded.
The troll bites you but does no damage. The troll claws you!
The troll closely misses you.
You punch the troll! You freeze the troll.
The troll is almost dead.
The troll bites you. The troll claws you but does no damage.
The troll claws you.
You punch the troll! You freeze the troll.
You kill the troll!
Cheibriados thoroughly appreciates the change of pace.
Your transformation is almost over.
You warm up again.
Your +0 cloak unmelds from your body.
You see here a staff of cold.
Done exploring.
Done exploring.
Done exploring.
(D) Dungeon (T) Temple (L) Lair (O) Orcish Mines
Where to? (Enter - D:12 @ (x,y), ? - help)
There is a stone staircase leading down here.
You climb downwards.
Found an arbalest and 12 gold pieces.
There is a stone staircase leading up here.
A two-headed ogre comes into view.
It is wielding a +0 giant spiked club and a +0 giant club.
A two-headed ogre is nearby!
Throw: 6 darts (curare)
Press: ? - help, Q - select action, (/) - cycle Shift-Dir - straight line, f - two-headed ogre
Aim: a two-headed ogre, wielding a +0 giant spiked club and a +0 giant club (79% to hit)
You throw a curare-tipped dart.
The curare-tipped dart hits the two-headed ogre.
The two-headed ogre is poisoned.
The two-headed ogre convulses.
The two-headed ogre seems to slow down.
The two-headed ogre is lightly wounded.
Casting: Ice Form (dangerous; 7% risk of failure)
Confirm with . or Enter, or press ? or * to list all spells.
You turn into a creature of crystalline ice.
Your +0 cloak melds into your body.
You pummel the two-headed ogre!! You freeze the two-headed ogre!
The two-headed ogre is severely wounded.
You barely miss the two-headed ogre.
The two-headed ogre is severely wounded.
The two-headed ogre hits you with a +0 giant spiked club!
The two-headed ogre hits you with a +0 giant club.
You punch the two-headed ogre! You freeze the two-headed ogre.
The two-headed ogre is almost dead.
You pummel the two-headed ogre like a punching bag!!!
You freeze the two-headed ogre.
You kill the two-headed ogre!
Cheibriados appreciates the change of pace.
Your Dodging skill increases to level 5!
HP restored.
Magic restored.
You now have 619 gold pieces (gained 12).
Things that are here:
a +0 giant spiked club; a +0 giant club; a two-headed ogre corpse
H - 6 curare-tipped darts (gained 1)
A cyclops comes into view.
A cyclops is nearby!
A cyclops is nearby!
Your transformation is almost over.
A basilisk comes into view.
Found a kite shield.
The helpless cyclops fails to defend itself.
You pummel the cyclops like a punching bag!!!
You freeze the cyclops.
The cyclops is almost dead.
You warm up again.
Your +0 cloak unmelds from your body.
The basilisk hisses angrily.
The basilisk gazes at you. You resist with almost no effort.
You punch the cyclops!
You kill the cyclops!
Cheibriados appreciates the change of pace.
The basilisk gazes at you. You resist with almost no effort.
You see here 3 large rocks.
Casting: Ice Form (dangerous; 6% risk of failure)
Confirm with . or Enter, or press ? or * to list all spells.
You turn into a creature of crystalline ice.
Your +0 cloak melds into your body.
The basilisk gazes at you. You resist with almost no effort.
The basilisk gazes at you. You resist with almost no effort.
You pummel the basilisk!!
The basilisk seems to slow down.
You freeze the basilisk.
You kill the basilisk!
Cheibriados appreciates the change of pace.
Cheibriados raises the support of your attributes as your movement slows.
You see here a basilisk corpse.
Casting: Ice Form (dangerous; 6% risk of failure)
Confirm with . or Enter, or press ? or * to list all spells.
You don't know that spell.
Okay, then.
Magic restored.
k - 2 fizzy red potions (gained 1)
Your transformation is almost over.
HP restored.
You warm up again.
Your +0 cloak unmelds from your body.
d - 4 lumpy green potions (gained 1)
Found a stone staircase leading down.
You now have 637 gold pieces (gained 18).
A cyclops comes into view.
A cyclops is nearby!
Casting: Ice Form (dangerous; 6% risk of failure)
Confirm with . or Enter, or press ? or * to list all spells.
You turn into a creature of crystalline ice.
Your +0 cloak melds into your body.
The cyclops hits you!
You pummel the cyclops!! You freeze the cyclops!
The cyclops is severely wounded.
The cyclops hits you!
You hit the cyclops. You freeze the cyclops.
The cyclops is severely wounded.
You punch the cyclops! You freeze the cyclops.
The cyclops is almost dead.
The cyclops completely misses you.
You pummel the cyclops!! You freeze the cyclops.
You kill the cyclops!
Cheibriados appreciates the change of pace.
No target in view!
Things that are here:
5 large rocks; a cyclops corpse
Found an escape hatch in the floor.
There is an escape hatch in the floor here.
You open the door.
There is an escape hatch in the floor here.
Your transformation is almost over.
Things that are here:
5 large rocks; a cyclops corpse You warm up again.
Your +0 cloak unmelds from your body.
You open the door.
Found 4 stones.
There is an open door here.
Found a stone staircase leading up.
Found 4 stones.
y - 5 scrolls labelled UTOLEL GIGYOGH (gained 1)
An orc comes into view. It is wielding a +0 whip.
Found a potion of lignification.
Found a stone staircase leading down.
An orc wizard and an orc come into view.
Casting: Ice Form (dangerous; 6% risk of failure)
Confirm with . or Enter, or press ? or * to list all spells.
You turn into a creature of crystalline ice.
Your +0 cloak melds into your body.
The orc shouts!
The orc wizard shouts!
The orc shouts!
You hit the orc but do no damage. The orc barely misses you.
You pummel the orc!! You freeze the orc.
You kill the orc!
Cheibriados thoroughly appreciates the change of pace.
You beat the orc wizard into a bloody pulp!!!
You freeze the orc wizard.
You kill the orc wizard!
Cheibriados appreciates the change of pace.
The orc closely misses you.
You pummel the orc!! You freeze the orc.
You kill the orc!
Cheibriados thoroughly appreciates the change of pace.
No target in view!
Things that are here:
a +0 dagger; a +0 robe
a - 6 potions of lignification (gained 1) As you open the door, it creaks loudly!
Your transformation is almost over.
You warm up again.
Your +0 cloak unmelds from your body.
You open the door.
A centaur warrior comes into view.
A centaur warrior is nearby!
You close the door.
(D) Dungeon (T) Temple (L) Lair (O) Orcish Mines
Where to? (Enter - D:13, ? - help)
What level of the Lair of Beasts? (default 1, ? - help)
There is a stone staircase leading up here.
You climb upwards.
There is a stone staircase leading down here.
There is a stone staircase leading up here.
You climb upwards.
There is a stone staircase leading down, spattered with blood here.
Things that are here:
a +0 troll leather armour; a +0 dagger
There is a stone staircase leading up here.
You climb upwards.
There is a stone staircase leading down here.
There is a staircase to the Lair here.
You climb downwards.
Welcome to the Lair of Beasts!
There is a staircase back to the Dungeon here.
A komodo dragon is nearby!
The helpless komodo dragon fails to defend itself.
You hit the komodo dragon.
The komodo dragon is lightly wounded.
Casting: Ice Form (dangerous; 6% risk of failure)
Confirm with . or Enter, or press ? or * to list all spells.
You turn into a creature of crystalline ice.
Your +0 cloak melds into your body.
The komodo dragon completely misses you.
You barely miss the komodo dragon.
The komodo dragon is lightly wounded.
The komodo dragon bites you!!
You barely miss the komodo dragon.
The komodo dragon is lightly wounded.
The komodo dragon barely misses you.
You pummel the komodo dragon!!
The komodo dragon seems to slow down.
You freeze the komodo dragon!
The komodo dragon is severely wounded.
You punch the komodo dragon! You freeze the komodo dragon.
You kill the komodo dragon!
Cheibriados thoroughly appreciates the change of pace.
Your Invocations skill increases to level 4!
HP restored.
Magic restored.
A bullfrog comes into view.
Your transformation is almost over.
Found a dagger. 2 electric eels come into view.
The bullfrog croaks.
The bullfrog hits you but does no damage.
The electric eel shoots out a bolt of lightning at you!
The bolt of electricity misses you.
The electric eel shoots out a bolt of lightning at you!
The bolt of electricity hits you!
You warm up again.
Your +0 cloak unmelds from your body.
The bullfrog closely misses you. The bullfrog hits you. The bullfrog hits you.
The bullfrog barely misses you.
You punch the bullfrog!
The bullfrog is heavily wounded.
The bullfrog completely misses you.
You barely miss the bullfrog.
The bullfrog is heavily wounded.
The bullfrog hits you. The bullfrog misses you.
You punch the bullfrog! Your punch misses the bullfrog.
The bullfrog is almost dead.
The bullfrog hits you.
You punch the bullfrog!
You kill the bullfrog!
Cheibriados appreciates the change of pace.
Aiming: Throw Flame
Press: ? - help, Shift-Dir - straight line, f - electric eel
Aim: an electric eel (48% to hit)
The puff of flame hits the electric eel.
The electric eel is moderately wounded.
The electric eel is engulfed in a cloud of scalding steam.
The electric eel shoots out a bolt of lightning at you!
The bolt of electricity hits you.
The electric eel is engulfed in a cloud of scalding steam.
The plant is engulfed in a cloud of scalding steam.
The plant begins to die.
Aiming: Throw Flame
Press: ? - help, Shift-Dir - straight line, f/p - electric eel
Aim: an electric eel (severely wounded, 48% to hit)
The puff of flame hits the electric eel.
The electric eel is almost dead.
The plant is engulfed in a cloud of scalding steam.
The electric eel is engulfed in a cloud of scalding steam.
You kill the electric eel!
Cheibriados appreciates the change of pace.
You hear a splash.
Cheibriados thoroughly appreciates the change of pace.
You hear a splash.
You feel a bit more experienced.
A nearby plant withers and dies.
You enter the shallow water.
Moving in this stuff is going to be slow.
You see here an electric eel corpse.
Found a leather armour.
P - a scroll labelled ROEMAUTHAAG A yak comes into view.
The yak bellows!
You hear a howl!
A yak comes into view.
The yak bellows!
You hear a howl!
A yak comes into view.
Casting: Ice Form (dangerous; 6% risk of failure)
Confirm with . or Enter, or press ? or * to list all spells.
You don't know that spell.
The yak misses you. The yak attacks as you move away! The yak gores you.
The yak bellows!
The yak gores you!
Casting: Ice Form (dangerous; 6% risk of failure)
Confirm with . or Enter, or press ? or * to list all spells.
You turn into a creature of crystalline ice.
Your +0 cloak melds into your body.
The yak gores you!
You pummel the yak like a punching bag!!!
You freeze the yak.
You kill the yak!
Cheibriados thoroughly appreciates the change of pace.
Your Fighting skill increases to level 6!
You completely miss the yak. The yak gores you!
You pummel the yak!! You freeze the yak!
You kill the yak!
Cheibriados appreciates the change of pace.
You start resting.
A yak is nearby!
You hit the yak. You freeze the yak.
The yak is lightly wounded.
You beat the yak into a bloody pulp!!!
You freeze the yak.
You kill the yak!
Cheibriados appreciates the change of pace.
Your Transmutations skill increases to level 13!
Magic restored.
HP restored.
Found a stone staircase leading down.
G - 3 scrolls of identify (gained 1)
A komodo dragon comes into view.
A komodo dragon is nearby!
A komodo dragon is nearby!
Casting: Ice Form (dangerous; 6% risk of failure)
Confirm with . or Enter, or press ? or * to list all spells.
You extend your transformation's duration.
You punch the komodo dragon! You freeze the komodo dragon!
The komodo dragon is severely wounded.
The komodo dragon bites you!!
You punch the komodo dragon!
The komodo dragon seems to slow down.
You freeze the komodo dragon.
The komodo dragon is almost dead.
You hit the komodo dragon.
The komodo dragon seems to slow down.
You freeze the komodo dragon.
You kill the komodo dragon!
Cheibriados appreciates the change of pace.
A wolf comes into view.
A wolf is nearby!
A wolf is nearby!
A wolf comes into view.
The wolf howls!
You hear a howl!
The wolf howls!
You punch the wolf! You freeze the wolf.
The wolf is severely wounded.
You hear a howl!
The wolf barely misses you.
You hear a howl!
You closely miss the wolf.
The wolf is severely wounded.
The wolf bites you.
A wolf comes into view.
You hit the wolf. You freeze the wolf.
The wolf is almost dead.
The wolf closely misses you.
A wolf comes into view.
The wolf bites you but does no damage.
You closely miss the wolf.
The wolf is almost dead.
The wolf misses you.
The wolf howls!
You pummel the wolf!! You freeze the wolf.
You kill the wolf!
Cheibriados thoroughly appreciates the change of pace.
You pulverise the wolf!!!
You freeze the wolf!
You kill the wolf!
Cheibriados thoroughly appreciates the change of pace.
You closely miss the wolf. The wolf bites you!
You barely miss the wolf. The wolf closely misses you.
The wolf bites you but does no damage. The wolf misses you.
The wolf barely misses you.
You pummel the wolf!! You freeze the wolf.
You kill the wolf!
Cheibriados thoroughly appreciates the change of pace.
The wolf misses you.
You pummel the wolf!! You freeze the wolf!
You kill the wolf!
Cheibriados thoroughly appreciates the change of pace.
No target in view!
You see here a wolf corpse.
Your transformation is almost over.
You warm up again.
Your +0 cloak unmelds from your body.
w - 2 scrolls labelled KIFOSHR FIUTE (gained 1)
Found a stone staircase leading down.
You now have 649 gold pieces (gained 12).
G - 4 scrolls of identify (gained 1)
You now have 662 gold pieces (gained 13).
A water moccasin comes into view.
A water moccasin is nearby!
Casting: Ice Form (dangerous; 6% risk of failure)
Confirm with . or Enter, or press ? or * to list all spells.
You turn into a creature of crystalline ice.
Your +0 cloak melds into your body.
The water moccasin hisses angrily.
You closely miss the water moccasin. The water moccasin barely misses you.
You punch the water moccasin! You freeze the water moccasin.
The water moccasin is severely wounded.
The water moccasin barely misses you.
You pummel the water moccasin!!
The water moccasin seems to slow down.
You freeze the water moccasin.
You kill the water moccasin!
Cheibriados appreciates the change of pace.
No target in view!
Okay, then.
Found a stone staircase leading down.
Your transformation is almost over.
You warm up again.
Your +0 cloak unmelds from your body.
C - 2 scrolls labelled CELIEH XONN (gained 1)
A rime drake comes into view.
A rime drake is nearby!
A rime drake is nearby!
Casting: Ice Form (dangerous; 6% risk of failure)
Confirm with . or Enter, or press ? or * to list all spells.
You turn into a creature of crystalline ice.
Your +0 cloak melds into your body.
The rime drake hisses angrily.
A cane toad comes into view.
The rime drake bites you. x2
You hit the rime drake.
The rime drake is lightly wounded.
The rime drake bites you.
You pummel the rime drake!! You freeze the rime drake.
The rime drake is almost dead.
The cane toad gives a loud, deep croak!
The rime drake breathes ice at you. The flash freeze hits you!!
You partially resist.
You are encased in ice.
You pummel the rime drake!!
You kill the rime drake!
Cheibriados thoroughly appreciates the change of pace.
The ice encasing you melts away.
You pummel the cane toad!! You freeze the cane toad.
The cane toad is severely wounded.
The cane toad barely misses you.
You hit the cane toad. You freeze the cane toad.
The cane toad is severely wounded.
The cane toad stings you!
You pummel the cane toad!!
The cane toad seems to slow down.
You freeze the cane toad.
You kill the cane toad!
Cheibriados appreciates the change of pace.
You now have 673 gold pieces (gained 11).
You now have 687 gold pieces (gained 14).
Your transformation is almost over.
You warm up again.
Your +0 cloak unmelds from your body.
r - 3 amethyst potions (gained 1)
You now have 708 gold pieces (gained 21).
s - 4 potions of attraction (gained 1)
m - 2 scrolls labelled ADYFFI VEAK (gained 1)
Found 3 stones.
You now have 718 gold pieces (gained 10).
u - 7 potions of curing (gained 1)
A cane toad comes into view.
Casting: Ice Form (dangerous; 6% risk of failure)
Confirm with . or Enter, or press ? or * to list all spells.
You turn into a creature of crystalline ice.
Your +0 cloak melds into your body.
The cane toad gives a loud, deep croak!
The cane toad stings you!!
You pummel the cane toad!! You freeze the cane toad!
The cane toad is almost dead.
The cane toad barely misses you.
You completely miss the cane toad.
The cane toad is almost dead.
You hit the cane toad.
The cane toad seems to slow down.
You freeze the cane toad.
The cane toad is almost dead.
The cane toad stings you!
A cane toad is nearby!
You pummel the cane toad!!
The cane toad seems to slow down.
You freeze the cane toad.
You kill the cane toad!
Cheibriados appreciates the change of pace.
You see here a cane toad corpse.
You see here a cane toad corpse.
Your transformation is almost over.
You warm up again.
Your +0 cloak unmelds from your body. 2 yaks come into view.
There are monsters nearby!
There are monsters nearby!
There are monsters nearby!
Casting: Ice Form (dangerous; 6% risk of failure)
Confirm with . or Enter, or press ? or * to list all spells.
You miscast Ice Form.
You are very lightly contaminated with residual magic.
Strange energies run through your body.
Unknown command.
Casting: Ice Form (dangerous; 6% risk of failure)
Confirm with . or Enter, or press ? or * to list all spells.
You turn into a creature of crystalline ice.
Your +0 cloak melds into your body.
Unknown command.
The yak bellows!
A yak comes into view.
The yak bellows! x2
The yak gores you but does no damage.
You pummel the yak!! You freeze the yak.
The yak is heavily wounded.
The yak gores you!
You hit the yak but do no damage.
The yak is heavily wounded.
The yak barely misses you.
You barely miss the yak.
The yak is heavily wounded.
You squash the yak like an ant!!!
You freeze the yak!
You kill the yak!
Cheibriados thoroughly appreciates the change of pace.
You hit the yak. You freeze the yak.
The yak is lightly wounded.
The yak misses you. The yak gores you but does no damage.
You punch the yak! You freeze the yak.
The yak is moderately wounded.
The yak gores you. The yak closely misses you.
You pummel the yak!! You freeze the yak!
You kill the yak!
Cheibriados appreciates the change of pace.
You hit the yak but do no damage. The yak gores you but does no damage.
You pummel the yak!! You freeze the yak!
The yak is almost dead.
The yak misses you.
You punch the yak! You freeze the yak.
You kill the yak!
Cheibriados appreciates the change of pace.
No target in view!
Your magical contamination has completely faded away.
Your transformation is almost over.
You warm up again.
Your +0 cloak unmelds from your body.
Found a stone.
Found a robe.
You see here a +0 robe.
You enter the shallow water.
Moving in this stuff is going to be slow.
Done exploring.
Done exploring.
Done exploring.
Done exploring.
Done exploring.
(D) Dungeon (T) Temple (L) Lair (O) Orcish Mines
Where to? (Enter - Lair:1, ? - help)
There is a stone staircase leading down here.
You climb downwards.
There is a stone staircase leading up here.
A bullfrog is nearby!
Casting: Ice Form (dangerous; 5% risk of failure)
Confirm with . or Enter, or press ? or * to list all spells.
You turn into a creature of crystalline ice.
Your +0 cloak melds into your body.
Found a stone staircase leading up.
The bullfrog croaks.
You hear a loud, deep croak!
The bullfrog closely misses you.
You pummel the bullfrog!! You freeze the bullfrog!
You kill the bullfrog!
Cheibriados thoroughly appreciates the change of pace.
A cane toad comes into view.
The cane toad gives a loud, deep croak!
The cane toad closely misses you.
You pummel the cane toad!! You freeze the cane toad!
The cane toad is almost dead.
The cane toad stings you!
You punch the cane toad! You freeze the cane toad.
You kill the cane toad!
Cheibriados appreciates the change of pace.
Your Invocations skill increases to level 5!
No target in view!
No target in view!
Magic restored.
HP restored.
Your transformation is almost over.
You warm up again.
Your +0 cloak unmelds from your body.
i - 6 potions of flight (gained 2)
You now have 738 gold pieces (gained 20).
Found a stone staircase leading down.
u - 8 potions of curing (gained 1)
B - a wand of flame (21) (gained 11 charges)
You now have 762 gold pieces (gained 24).
l - 6 scrolls of immolation (gained 1)
A seven-headed hydra comes into view.
Found an escape hatch in the ceiling.
You open the door.
Found 9 stones.
There is an open door here. 2 water moccasins come into view.
Casting: Ice Form (dangerous; 5% risk of failure)
Confirm with . or Enter, or press ? or * to list all spells.
You turn into a creature of crystalline ice.
Your +0 cloak melds into your body.
The water moccasin hisses angrily.
The water moccasin closely misses you.
You pummel the water moccasin!! You freeze the water moccasin.
You kill the water moccasin!
Cheibriados appreciates the change of pace.
You closely miss the water moccasin. The water moccasin closely misses you.
You barely miss the water moccasin. The water moccasin barely misses you.
You pummel the water moccasin!! You freeze the water moccasin.
The water moccasin is almost dead.
The water moccasin closely misses you.
You punch the water moccasin!
The water moccasin seems to slow down.
You freeze the water moccasin.
You kill the water moccasin!
Cheibriados thoroughly appreciates the change of pace.
Magic restored.
You see here 9 stones.
Q - a wand of mindburst (6)
Your transformation is almost over.
HP restored.
You warm up again.
Your +0 cloak unmelds from your body.
Found a morningstar.
Found a stone staircase leading up.
A seven-headed hydra is nearby!
A seven-headed hydra is nearby!
A seven-headed hydra is nearby!
Aiming: Mindburst
Press: ? - help, Shift-Dir - straight line, f - seven-headed hydra
Aim: a seven-headed hydra (wandering, hasn't noticed you, chance to affect: 29%)
Okay, then.
Aiming: Throw Flame
Press: ? - help, Shift-Dir - straight line, f - seven-headed hydra
Aim: a seven-headed hydra (wandering, hasn't noticed you, 89% to hit)
The puff of flame hits the seven-headed hydra!
The seven-headed hydra is lightly wounded.
Aiming: Throw Flame
Press: ? - help, Shift-Dir - straight line, f/p - seven-headed hydra
Aim: a seven-headed hydra (lightly wounded, 89% to hit)
The puff of flame hits the seven-headed hydra.
The seven-headed hydra is lightly wounded.
Aiming: Throw Flame
Press: ? - help, Shift-Dir - straight line, f/p - seven-headed hydra
Aim: a seven-headed hydra (lightly wounded, 89% to hit)
The puff of flame hits the seven-headed hydra!
The seven-headed hydra is moderately wounded.
Casting: Ice Form (dangerous; 5% risk of failure)
Confirm with . or Enter, or press ? or * to list all spells.
You turn into a creature of crystalline ice.
Your +0 cloak melds into your body.
You punch the seven-headed hydra!
The seven-headed hydra seems to slow down.
You freeze the seven-headed hydra.
The seven-headed hydra is moderately wounded.
The seven-headed hydra bites you. The seven-headed hydra bites you! x2
The seven-headed hydra bites you.
The seven-headed hydra closely misses you.
The seven-headed hydra misses you. The seven-headed hydra bites you!
You punch the seven-headed hydra! You freeze the seven-headed hydra.
The seven-headed hydra is severely wounded.
You hit the seven-headed hydra.
The seven-headed hydra seems to slow down.
You freeze the seven-headed hydra.
The seven-headed hydra is severely wounded.
The seven-headed hydra bites you!
* * * LOW HITPOINT WARNING * * *
The seven-headed hydra bites you.
* * * LOW HITPOINT WARNING * * *
The seven-headed hydra misses you.
The seven-headed hydra completely misses you.
The seven-headed hydra bites you.
* * * LOW HITPOINT WARNING * * *
The seven-headed hydra bites you.
* * * LOW HITPOINT WARNING * * *
The seven-headed hydra bites you!
* * * LOW HITPOINT WARNING * * *
You punch the seven-headed hydra! You freeze the seven-headed hydra.
The seven-headed hydra is almost dead.
You hit the seven-headed hydra but do no damage.
The seven-headed hydra is almost dead.
The seven-headed hydra bites you.
* * * LOW HITPOINT WARNING * * *
The seven-headed hydra bites you!
* * * LOW HITPOINT WARNING * * *
The seven-headed hydra bites you!
* * * LOW HITPOINT WARNING * * *
The seven-headed hydra misses you.
The seven-headed hydra bites you but does no damage.
The seven-headed hydra bites you!
* * * LOW HITPOINT WARNING * * *
The seven-headed hydra bites you.
* * * LOW HITPOINT WARNING * * *
You hit the seven-headed hydra.
The seven-headed hydra seems to slow down.
You freeze the seven-headed hydra.
The seven-headed hydra is almost dead.
You completely miss the seven-headed hydra.
The seven-headed hydra is almost dead.
The seven-headed hydra closely misses you.
The seven-headed hydra misses you.
The seven-headed hydra barely misses you.
The seven-headed hydra misses you. The seven-headed hydra bites you.
You die...

.......P............##....
#.....#......^#....#.....
..##....##.....#......#....
...#............#....#.....
........#.#.P#.............
###P....######.#.....###.#.
##...................###.
...........................
..........Y................
..........D................
.###....................(..
#....<...............†..
#.....##.###..##...#..#.
#...... +. .#..#...###.#
...... .. .#....#... #.....
.. #........ ....#....


You could see a seven-headed hydra (slow).

Vanquished Creatures
  A boulder beetle (D:11)
  4 two-headed ogres
  2 manticores (D:12)
  2 cyclopes (D:13)
  Maggie (D:10)
  3 cane toads
  A rime drake (Lair:1)
  2 unseen horrors (D:10)
  2 komodo dragons (Lair:1)
  A kobold demonologist (D:10)
  3 trolls
  2 hornets
  Grinder (D:4)
  4 slime creatures (D:12)
  Sigmund (D:4)
  3 wyverns
  2 wraiths (D:10)
  38 yaks
  A golden eye (D:10)
  A fire bat (D:8)
  2 basilisks
  2 steam dragons
  4 vampire mosquitoes (D:11)
  Menkaure (D:4)
  Edmund (D:4)
  5 water moccasins
  3 orc warriors
  A swamp drake (D:11)
  6 black bears
  A sky beast (D:6)
  4 wolves (Lair:1)
  An ogre (D:3)
  3 centaurs
  A tengu (D:11)
  2 phantoms
  3 gnoll sergeants
  A necrophage (D:6)
  8 bullfrogs
  3 scorpions
  3 kobold brigands
  A wyvern zombie (D:6)
  14 wights
  A howler monkey (D:7)
  2 electric eels (Lair:1)
  A crimson imp (D:4)
  3 bullfrog zombies (D:6)
  A jelly (D:6)
  9 orc priests
  A centaur zombie (D:6)
  4 hounds
  An iguana (D:6)
  8 orc wizards
  A killer bee zombie (D:6)
  A howler monkey zombie (D:6)
  Robin (D:1)
  12 gnolls
  10 adders
  2 shadow imps
  A white imp (D:7)
  2 ufetubi
  4 worms
  6 dart slugs
  40 orcs
  10 ball pythons
  6 endoplasms
  5 giant cockroaches
  14 hobgoblins
  5 jackals
  15 kobolds
  4 quokkas
  7 bats
  4 frilled lizards
  11 goblins
  5 rats
342 creatures vanquished.

Vanquished Creatures (others)
  An orc (D:9)
  51 fungi
  76 plants
128 creatures vanquished.

Grand Total: 470 creatures vanquished

Notes
Turn   | Place    | Note
-------+----------+-------------------------------------------
     0 | D:1      | sleeves the Draconian Transmuter began the quest for the
                  | Orb.
     0 | D:1      | Reached XP level 1. HP: 16/16 MP: 3/3
    65 | D:1      | Reached XP level 2. HP: 23/23 MP: 5/5
   150 | D:1      | Reached skill level 4 in Unarmed Combat
   243 | D:1      | Reached XP level 3. HP: 27/28 MP: 6/6
   743 | D:2      | Reached XP level 4. HP: 29/35 MP: 5/7
   832 | D:2      | Reached skill level 5 in Unarmed Combat
  1233 | D:2      | Noticed Robin
  1341 | D:1      | Killed Robin
  1809 | D:3      | Found a hazy altar of Hepliaklqana.
  2152 | D:3      | Reached XP level 5. HP: 40/40 MP: 6/8
  2488 | D:4      | Noticed a phantom
  2542 | D:3      | Reached skill level 6 in Unarmed Combat
  2596 | D:4      | Killed a phantom
  2694 | D:4      | Noticed Sigmund
  2736 | D:3      | Reached XP level 6. HP: 47/47 MP: 7/9
  2751 | D:4      | Killed Sigmund
  2752 | D:4      | Reached skill level 7 in Unarmed Combat
  2764 | D:4      | Noticed Edmund
  2771 | D:4      | Killed Edmund
  2772 | D:4      | Reached skill level 8 in Unarmed Combat
  2772 | D:4      | Your scales start taking on a fiery red colour.
  2772 | D:4      | Reached XP level 7. HP: 52/52 MP: 10/10
  2772 | D:4      | Gained mutation: Your flesh is heat resistant. (rF+) [Red
                  | Draconian growth]
  2828 | D:4      | Noticed Grinder
  2914 | D:4      | Paralysed by Grinder for 5 turns
  2920 | D:4      | HP: 22/52 [Grinder/nerve-wracking pain (14)]
  2921 | D:4      | Killed Grinder
  2922 | D:4      | Reached skill level 3 in Transmutations
  2962 | D:4      | Noticed Menkaure
  3001 | D:4      | Killed Menkaure
  3002 | D:4      | Reached skill level 9 in Unarmed Combat
  3004 | D:4      | Reached skill level 4 in Transmutations
  3044 | D:4      | Reached XP level 8. HP: 59/59 MP: 9/11
  3054 | D:4      | You are sucked into a shaft and drop 2 floors!
  3131 | D:5      | Entered Level 5 of the Dungeon
  3135 | D:5      | HP: 41/88 [wyvern (12)]
  3556 | D:4      | Found a burning altar of Makhleb.
  3557 | D:4      | Found a radiant altar of Vehumet.
  3658 | D:5      | Found Ossiav's Magic Scroll Emporium.
  3677 | D:5      | Bought a scroll of identify for 22 gold pieces
  3708 | D:5      | Reached skill level 5 in Transmutations
  4053 | D:5      | HP: 29/59 [orc warrior/bolt (13)]
  4145 | D:5      | Found a staircase to the Ecumenical Temple.
  4175 | Temple   | Entered the Ecumenical Temple
  4250 | Temple   | Learned a level 4 spell: Ice Form
  4254 | Temple   | Learned a level 3 spell: Spider Form
  4257 | Temple   | Learned a level 2 spell: Passwall
  4290 | Temple   | Became a worshipper of Cheibriados the Contemplative
  4381 | D:5      | Reached skill level 10 in Unarmed Combat
  4410 | D:5      | Reached skill level 6 in Transmutations
  4898 | D:6      | Reached XP level 9. HP: 57/64 MP: 10/12
  4980 | D:6      | HP: 31/62 [wight/+0 great sword (9)]
  4981 | D:6      | Reached * piety under Cheibriados
  4989 | D:6      | Reached skill level 7 in Transmutations
  5228 | D:6      | Found a basalt altar of Yredelemnul.
  5247 | D:6      | Reached skill level 11 in Unarmed Combat
  5365 | D:6      | Found a sacrificial altar of Ru.
  5532 | D:7      | Reached skill level 8 in Transmutations
  5735 | D:7      | Reached ** piety under Cheibriados
  5843 | D:7      | Found a stormy altar of Qazlal.
  5854 | D:7      | HP: 27/64 [gnoll/+0 halberd[a gnoll sergeant] (8)]
  5859 | D:7      | HP: 15/64 [gnoll/+0 halberd[a gnoll sergeant] (12)]
  6427 | D:8      | Reached skill level 12 in Unarmed Combat
  6427 | D:8      | Reached XP level 10. HP: 56/71 MP: 11/13
  6447 | D:8      | Reached skill level 9 in Transmutations
  6463 | D:8      | Reached *** piety under Cheibriados
  6728 | D:8      | Found Ulaeziyl's Distillery.
  6731 | D:8      | Bought a potion of curing for 42 gold pieces
  7149 | D:9      | Identified the +8 battleaxe of Calculation {flame, rElec
                  | rF+ Dex+3}
  7308 | D:9      | HP: 30/71 [orc warrior/+0 long sword (12)]
  7601 | D:10     | Entered Level 10 of the Dungeon
  7603 | D:10     | Noticed a two-headed ogre
  7724 | D:10     | Noticed Maggie
  7731 | D:10     | Killed Maggie
  7757 | D:10     | Reached skill level 10 in Transmutations
  7893 | D:10     | Reached **** piety under Cheibriados
  7894 | D:10     | Reached skill level 13 in Unarmed Combat
  7925 | D:10     | HP: 34/71 [yak (7)]
  7930 | D:10     | HP: 29/71 [yak (10)]
  7942 | D:10     | HP: 28/71 [yak (13)]
  7984 | D:10     | Reached skill level 11 in Transmutations
  7984 | D:10     | Reached XP level 11. HP: 71/77 MP: 14/14
  8085 | D:10     | Found a staircase to the Lair.
  8159 | D:10     | Reached ***** piety under Cheibriados
  8286 | D:10     | Noticed Sonja
  8287 | D:10     | Sonja changed into Sonja the golden eye
  8287 | D:10     | Noticed Sonja
  8293 | D:10     | Killed Sonja the golden eye
  8322 | D:10     | Found an opulent altar of Gozag.
  8322 | D:10     | Found a sparkling altar of Nemelex Xobeh.
  8323 | D:10     | Found an ornate altar of the Wu Jian Council.
  8414 | D:10     | Reached skill level 14 in Unarmed Combat
  8543 | D:10     | Killed a two-headed ogre
  8929 | D:11     | Noticed a two-headed ogre
  8937 | D:11     | HP: 37/77 [two-headed ogre/+0 giant spiked club (24)]
  8937 | D:11     | HP: 16/77 [two-headed ogre/+0 giant spiked club (21)]
  8938 | D:11     | Killed a two-headed ogre
  8939 | D:11     | Reached skill level 2 in Fighting
  8939 | D:11     | Reached skill level 2 in Dodging
  9019 | D:10     | Reached skill level 12 in Transmutations
  9050 | D:11     | Found a staircase to the Orcish Mines.
  9135 | D:11     | Identified the +0 ring mail "Daq Ecole" {rCorr}
  9281 | D:11     | Noticed a boulder beetle
  9315 | D:11     | Reached skill level 3 in Dodging
  9318 | D:11     | Reached skill level 3 in Fighting
  9373 | D:11     | Killed a boulder beetle
  9374 | D:11     | Reached skill level 4 in Fighting
  9407 | D:11     | Noticed a two-headed ogre
  9413 | D:11     | Killed a two-headed ogre
  9414 | D:11     | Reached skill level 4 in Dodging
  9414 | D:11     | Reached skill level 1 in Invocations
  9744 | D:12     | Found a portal to a secret trove of treasure.
  9763 | D:12     | HP: 42/85 [manticore (10)]
  9764 | D:12     | HP: 19/85 [manticore (24)]
  9766 | D:12     | Reached XP level 12. HP: 22/92 MP: 12/15
  9829 | D:12     | Reached skill level 2 in Invocations
 10128 | D:12     | Reached skill level 5 in Fighting
 10221 | D:12     | Reached ****** piety under Cheibriados
 10377 | D:12     | Reached skill level 3 in Invocations
 10862 | D:13     | Noticed a two-headed ogre
 10873 | D:13     | Killed a two-headed ogre
 10874 | D:13     | Reached skill level 5 in Dodging
 11163 | D:13     | Noticed a centaur warrior
 11255 | Lair:1   | Entered Level 1 of the Lair of Beasts
 11262 | Lair:1   | Reached skill level 4 in Invocations
 11357 | Lair:1   | Reached skill level 6 in Fighting
 11371 | Lair:1   | Reached skill level 13 in Transmutations
 12331 | Lair:2   | Reached skill level 5 in Invocations
 12467 | Lair:2   | Noticed a seven-headed hydra
 12658 | Lair:2   | HP: 58/116 [seven-headed hydra (14)]
 12660 | Lair:2   | HP: 27/116 [seven-headed hydra (12)]
 12660 | Lair:2   | HP: 6/116 [seven-headed hydra (11)]
 12660 | Lair:2   | HP: 2/116 [seven-headed hydra (4)]
 12662 | Lair:2   | Slain by a seven-headed hydra

Illustrated notes

Levels and vault maps discovered:
D:1:      eino_arrival_cavern_a, layout_rooms
D:2:      layout_basic, uniq_robin
D:3:      layout_loops_ring, nicolae_hepliaklqana_hazy_memory
D:4:      layout_rooms, grunt_temple_overflow_lords_of_destruction,
          hangedman_feature_mirror, minmay_vboxes, uniq_grinder, uniq_edmund,
          uniq_sigmund, uniq_menkaure
D:5:      layout_basic, temple_pool_b, serial_shops, shop
D:6:      layout_cave_pools, nicolae_yredelemnul_corpse_copse,
          nicolae_ru_the_path_less_chosen
D:7:      layout_loops_ring, mainiacjoe_overflow_catwalk
D:8:      layout_rooms, serial_shops, nicolae_shop_behind_doors
D:9:      layout_roguey
D:10:     layout_loops_corners, gammafunk_temple_overflow_claw,
          due_lair_maze_entry_diamond, uniq_sonja, uniq_maggie
D:11:     layout_rooms, david_orc_3
D:12:     layout_cave_pods, enter_trove_2
D:13:     layout_basic, skrybe_vaults_entry_preservation
Temple:   dshaligram_water_room_temple
Lair:1:   layout_small_grid, grunt_megastairs_2, serial_bayou_shore_a
Lair:2:   layout_regular_city, palyth_hydra_swamp_entry, lemuel_fruit_tree,
          serial_bayou_shore_b

Skill      XL: |  1  2  3  4  5  6  7  8  9 10 11 12 |
---------------+-------------------------------------+-----
Unarmed Combat | 4 5 6 8 9 10 12 13 14 | 14.1
Transmutations | 4 6 8 11 12 13 | 13.2
Fighting       | 4 6 |  6.7
Dodging        | 4 5 |  5.9
Invocations    | 1 5 |  5.0
Spellcasting   | |  2.0

Action                   |  1- 3 |  4- 6 |  7- 9 | 10-12 || total
-------------------------+-------+-------+-------+-------++-------
Melee: Unarmed           |    87 |   111 |   305 |   413 ||   916
       Tailslap          |     9 |     9 |    37 |    31 ||    86
       Punch             |     3 |     2 |    24 |    17 ||    46
       Kick              |    18 |    21 |    75 |    80 ||   194
       Headbutt          |     6 |    15 |    51 |    50 ||   122
Throw: Dart              |       |       |       |     7 ||     7
 Cast: Beastly Appendage |    13 |    35 |    58 |    33 ||   139
       Ice Form          |       |       |       |    24 ||    24
       Spider Form       |       |       |       |     6 ||     6
       Passwall          |       |       |       |     1 ||     1
 Abil: Breathe Fire      |       |       |    18 |     6 ||    24
       End Transformatio |       |       |       |     1 ||     1
Evoke: Wand              |       |    13 |    11 |    19 ||    43
  Use: Scroll            |       |       |     8 |     3 ||    11
       Potion            |       |       |     2 |       ||     2
 Stab: Distracted        |       |       |       |     1 ||     1
       Sleeping          |       |       |       |     2 ||     2
Armor: Skin              |    24 |    56 |   105 |   102 ||   287
Dodge: Dodged            |    45 |   120 |   161 |   186 ||   512

Table legend: (Time is in decaauts)
 A = Elapsed time spent in this place.
 B = Non-inter-level travel time spent in this place.
 C = Inter-level travel time spent in this place.
 D = Time resting spent in this place.
 E = Time spent auto-exploring this place.
 F = Levels seen in this place.
 G = Mean time per level.
                   A        B        C        D        E       F      G
               +--------+--------+--------+--------+--------+-----+--------+
         Total |  16806 |  15486 |   1320 |    309 |  12085 |  16 | 1050.4 |
       Dungeon |  14231 |  13053 |   1178 |    301 |   9979 |  13 | 1094.7 |
        Temple |    127 |     86 |     41 |      0 |     60 |   1 |  127.0 |
          Lair |   2447 |   2347 |    100 |      8 |   2045 |   2 | 1223.5 |
               +--------+--------+--------+--------+--------+-----+--------+

Top non-repeatable levels by time:
    D:10: 2051 daAuts
    D:12: 1950 daAuts
  Lair:1: 1832 daAuts
     D:5: 1370 daAuts
     D:7: 1153 daAuts
     D:9: 1132 daAuts
    D:11: 1046 daAuts
     D:2: 1023 daAuts
     D:3: 893 daAuts
     D:4: 812 daAuts
     D:6: 804 daAuts
     D:8: 786 daAuts
     D:1: 665 daAuts
  Lair:2: 615 daAuts
    D:13: 541 daAuts
